[Event "7th Leer Open-A 2024"]
[Site "Leer"]
[Date "2024.10.31"]
[Round "1.26"]
[White "de Vries, Carsten"]
[Black "Gremmel, Jonas Simon"]
[Result "0-1"]
[ECO "B13"]
[WhiteElo "1932"]
[BlackElo "2100"]
[Annotator "RC"]
[PlyCount "86"]
[EventDate "2024.10.14"]
[EventType "swiss"]
[EventCountry "GER"]
[SourceTitle "playchess.com"]
[Source "ChessBase"]
[SourceQuality "1"]
[TimeControl "40/5400+30:900+30"]

1. e4 c6 2. d4 d5 3. exd5 cxd5 4. Bd3 Nc6 5. c3 Nf6 6. h3 g6 7. Nf3 Bg7 8. O-O O-O 9. Re1 Bf5 10. Bf1 Re8 11. Bf4 a6 12. Nbd2 h6 13. Ne5 Qb6 14. g4 Bc8 15. Qc2 Nd8 16. Bd3 Ne6 17. Bg3 Nf8 18. Re2 h5 19. g5 h4 20. gxf6 exf6 21. Nec4 dxc4 22. Nxc4 Qd8 23. Rxe8 Qxe8 24. Nd6 Qe6 25. Bc4 Qxh3 26. Bxf7+ Kh7 27. Bh2 Qg4+ 28. Kf1 Be6 29. Bxe6 Nxe6 30. Qe4 Qh3+ 31. Qg2 Qd3+ 32. Kg1 Ng5 33. Kh1 Nf3 34. Qh3 Qe2 35. Bg3 Qxb2 36. Rf1 Qxa2 37. Bxh4 Nxh4 38. Qxh4+ Kg8 39. Qe4 Rd8 40. Nxb7 Rd5 41. Qxg6 Qe2 42. Rg1 Rh5+ 43. Qxh5 Qxh5+ 0-1

[Event "7th Leer Open-A 2024"]
[Site "Leer"]
[Date "2024.10.31"]
[Round "1.27"]
[White "Helms, Finn"]
[Black "Aden, Keno"]
[Result "1/2-1/2"]
[ECO "B12"]
[WhiteElo "2149"]
[BlackElo "1885"]
[Annotator "RC"]
[PlyCount "82"]
[EventDate "2024.10.14"]
[EventType "swiss"]
[EventCountry "GER"]
[SourceTitle "playchess.com"]
[Source "ChessBase"]
[SourceQuality "1"]
[TimeControl "40/5400+30:900+30"]

1. e4 c6 2. d4 d5 3. e5 Bf5 4. Nf3 e6 5. Be2 c5 6. Be3 Nd7 7. O-O Ne7 8. dxc5 Nc6 9. Bb5 Bg4 10. c4 Bxf3 11. Qxf3 Ndxe5 12. Qf4 Ng6 13. Qg4 dxc4 14. Qxc4 Qc7 15. Nc3 Be7 16. Ba4 Rd8 17. Bc2 O-O 18. h3 Nce5 19. Qb5 a6 20. Qb4 Nc6 21. Qe4 Nce5 22. Qb4 Nc6 23. Qa4 Nce5 24. b4 Nc4 25. Bc1 Bf6 26. Qb3 Nd2 27. Bxd2 Rxd2 28. Rad1 Bxc3 29. Qxc3 Rxd1 30. Rxd1 Nf4 31. Qe3 Nd5 32. Qe4 g6 33. Qd4 a5 34. a3 axb4 35. axb4 b6 36. Be4 bxc5 37. bxc5 Nf4 38. Qd6 Rc8 39. Qxc7 Rxc7 40. c6 Nd5 41. Bxd5 exd5 1/2-1/2

[Event "7th Leer Open-A 2024"]
[Site "Leer"]
[Date "2024.10.31"]
[Round "1.28"]
[White "Direk, Oguzhan"]
[Black "Lippert, Daniel"]
[Result "0-1"]
[ECO "D00"]
[WhiteElo "1860"]
[BlackElo "2112"]
[Annotator "RC"]
[PlyCount "76"]
[EventDate "2024.10.14"]
[EventType "swiss"]
[EventCountry "GER"]
[SourceTitle "playchess.com"]
[Source "ChessBase"]
[SourceQuality "1"]
[TimeControl "40/5400+30:900+30"]

1. d4 d5 2. Nc3 Nf6 3. Bf4 e6 4. Nb5 Na6 5. e3 Be7 6. Nf3 O-O 7. Be2 c6 8. Nc3 c5 9. Bxa6 bxa6 10. O-O Nh5 11. Ne2 f6 12. h3 Nxf4 13. Nxf4 Rb8 14. b3 Qb6 15. c4 dxc4 16. bxc4 cxd4 17. exd4 Qc7 18. Qc1 Bd6 19. Nd3 Bb7 20. Nd2 Qc6 21. f3 Rbc8 22. Rb1 Ba8 23. c5 Bb8 24. Qc4 Qd7 25. Rfe1 Rfd8 26. Kh1 Qxd4 27. Qxe6+ Kh8 28. Re3 Qd7 29. Qxd7 Rxd7 30. Rbe1 Rdd8 31. Nb4 Bf4 32. Nc4 Bxe3 33. Nxe3 a5 34. Nbc2 Rxc5 35. Kg1 Kg8 36. Re2 Bb7 37. h4 Ba6 38. Re1 Rd2 0-1

[Event "7th Leer Open-A 2024"]
[Site "Leer"]
[Date "2024.10.31"]
[Round "1.29"]
[White "Wagner, Jan"]
[Black "Theile-Rasche, Ingo"]
[Result "1-0"]
[ECO "A30"]
[WhiteElo "2137"]
[BlackElo "1916"]
[Annotator "RC"]
[PlyCount "63"]
[EventDate "2024.10.14"]
[EventType "swiss"]
[EventCountry "GER"]
[SourceTitle "playchess.com"]
[Source "ChessBase"]
[SourceQuality "1"]
[TimeControl "40/5400+30:900+30"]

1. c4 c5 2. g3 Nf6 3. Bg2 e6 4. Nf3 Be7 5. O-O O-O 6. b3 d6 7. Bb2 Nbd7 8. Nc3 a6 9. Qc2 Rb8 10. a4 b6 11. d4 Bb7 12. Rfd1 cxd4 13. Rxd4 Qc7 14. Rc1 Rfc8 15. Qb1 Nc5 16. Ba3 e5 17. Rh4 Ne6 18. Nd5 Bxd5 19. cxd5 Nc5 20. b4 h6 21. bxc5 bxc5 22. Qa2 Nd7 23. Rhc4 Nb6 24. R4c2 Nxa4 25. Nd2 Nb6 26. Bb4 Qa7 27. Ba5 Nd7 28. Ra1 f5 29. Bc3 Ra8 30. Nc4 Qc7 31. Nxe5 Nxe5 32. Bxe5 1-0

[Event "7th Leer Open-A 2024"]
[Site "Leer"]
[Date "2024.10.31"]
[Round "1.30"]
[White "Schaefer, Maik"]
[Black "Gellrich, Peter"]
[Result "1-0"]
[ECO "B51"]
[WhiteElo "1914"]
[BlackElo "2134"]
[Annotator "RC"]
[PlyCount "79"]
[EventDate "2024.10.14"]
[EventType "swiss"]
[EventCountry "GER"]
[SourceTitle "playchess.com"]
[Source "ChessBase"]
[SourceQuality "1"]
[TimeControl "40/5400+30:900+30"]

1. e4 c5 2. Nf3 d6 3. Bb5+ Nd7 4. c3 Ngf6 5. Qe2 e6 6. O-O Be7 7. d4 a6 8. Bd3 cxd4 9. cxd4 e5 10. Nc3 O-O 11. Rd1 Re8 12. dxe5 dxe5 13. Bc4 Qc7 14. Ng5 Rf8 15. Be3 h6 16. Nf3 Bc5 17. Nd5 Nxd5 18. Bxd5 Bxe3 19. Qxe3 Nf6 20. Rac1 Qe7 21. Qb6 Bg4 22. Rc7 Qe8 23. Rd3 Nxd5 24. Rxd5 Qa4 25. h3 Be6 26. Rxe5 Rad8 27. Kh2 Rd1 28. Rxe6 fxe6 29. Qxe6+ Kh7 30. Nh4 Qe8 31. Re7 Qc6 32. Qxc6 bxc6 33. Nf5 Kh8 34. f3 Rb8 35. b3 Rd2 36. e5 g6 37. Nxh6 Rxa2 38. Ng4 Kg8 39. e6 Re2 40. Nf6+ 1-0

[Event "7th Leer Open-A 2024"]
[Site "Leer"]
[Date "2024.10.31"]
[Round "1.31"]
[White "Kummerow, Heiko"]
[Black "Stoy, Ulf"]
[Result "1-0"]
[ECO "B06"]
[WhiteElo "2074"]
[BlackElo "1910"]
[Annotator "RC"]
[PlyCount "63"]
[EventDate "2024.10.14"]
[EventType "swiss"]
[EventCountry "GER"]
[SourceTitle "playchess.com"]
[Source "ChessBase"]
[SourceQuality "1"]
[TimeControl "40/5400+30:900+30"]

1. e4 g6 2. d4 Bg7 3. Nc3 d6 4. f4 a6 5. Nf3 b5 6. Bd3 Bb7 7. O-O Nd7 8. e5 c5 9. exd6 exd6 10. Be4 Bxe4 11. Nxe4 Ndf6 12. Qe2 Nxe4 13. Qxe4+ Ne7 14. Re1 d5 15. Qe2 cxd4 16. Bd2 Bf6 17. Bb4 Rc8 18. Bxe7 Bxe7 19. Qe5 f6 20. Qxf6 Rf8 21. Qxa6 Rxc2 22. Ne5 Qc8 23. Qxb5+ Kd8 24. Qxd5+ Ke8 25. Rad1 Rxf4 26. Qg8+ Rf8 27. Qxh7 Qf5 28. Qxg6+ Qxg6 29. Nxg6 Rff2 30. Rxe7+ Kd8 31. Rxd4+ Kc8 32. Rc4+ 1-0

[Event "7th Leer Open-A 2024"]
[Site "Leer"]
[Date "2024.10.31"]
[Round "1.32"]
[White "Kovalskyy, Alicia"]
[Black "Vandenhole, Kobe"]
[Result "0-1"]
[ECO "B73"]
[WhiteElo "1906"]
[BlackElo "2128"]
[Annotator "RC"]
[PlyCount "114"]
[EventDate "2024.10.14"]
[EventType "swiss"]
[EventCountry "GER"]
[SourceTitle "playchess.com"]
[Source "ChessBase"]
[SourceQuality "1"]
[TimeControl "40/5400+30:900+30"]

1. e4 c5 2. Nf3 d6 3. d4 Nf6 4. Nc3 cxd4 5. Nxd4 g6 6. Be2 Bg7 7. Be3 O-O 8. O-O Nc6 9. h3 Bd7 10. Qd2 Rc8 11. f4 Re8 12. Bf3 a6 13. Nxc6 Bxc6 14. Nd5 Bb5 15. Rfb1 Nd7 16. c3 e6 17. Nb4 Nb6 18. Qf2 Nc4 19. a4 Bc6 20. Nxc6 bxc6 21. Be2 Nxe3 22. Qxe3 a5 23. Rd1 Qc7 24. Kh1 d5 25. e5 Rb8 26. Rd2 f6 27. Re1 fxe5 28. fxe5 Qxe5 29. Qxe5 Bxe5 30. Bg4 Bf4 31. Rde2 e5 32. Bd7 Red8 33. Bxc6 Rd6 34. Bb5 Kg7 35. Rf1 d4 36. cxd4 Rxd4 37. g4 Rc8 38. Kg2 g5 39. Rfe1 Kf6 40. Re4 Rc2+ 41. R4e2 Rxe2+ 42. Rxe2 e4 43. Rc2 Rd1 44. Be2 Rb1 45. Bf1 Ke5 46. Rc5+ Kd4 47. Rc4+ Ke3 48. Rc2 Rd1 49. Re2+ Kd4 50. Rc2 Ra1 51. Bb5 Be3 52. Rc4+ Ke5 53. Bc6 Bd4 54. b4 e3 55. Bf3 Ra2+ 56. Kh1 Rf2 57. Rc8 Rxf3 0-1

[Event "7th Leer Open-A 2024"]
[Site "Leer"]
[Date "2024.10.31"]
[Round "1.33"]
[White "Brandes, Stephan"]
[Black "Van Coppenolle, Lander"]
[Result "1-0"]
[ECO "B08"]
[WhiteElo "2125"]
[BlackElo "1907"]
[Annotator "RC"]
[PlyCount "85"]
[EventDate "2024.10.14"]
[EventType "swiss"]
[EventCountry "GER"]
[SourceTitle "playchess.com"]
[Source "ChessBase"]
[SourceQuality "1"]
[TimeControl "40/5400+30:900+30"]

1. e4 c5 2. d4 cxd4 3. Qxd4 Nc6 4. Qd3 d6 5. Nc3 Nf6 6. Nf3 g6 7. Be2 Bg7 8. O-O O-O 9. Nd5 Nxd5 10. exd5 Nb8 11. c3 Nd7 12. Bg5 Re8 13. Rfe1 Nf6 14. Rad1 a6 15. Qc2 b5 16. Nd4 Bb7 17. Nc6 Qc7 18. Bf3 e6 19. Qd2 Bxc6 20. dxc6 d5 21. h4 Qxc6 22. Qf4 Nd7 23. h5 Nf8 24. h6 Bh8 25. Bf6 e5 26. Bxe5 Qc4 27. Qxc4 bxc4 28. Bxh8 Kxh8 29. Bxd5 Rxe1+ 30. Rxe1 Ra7 31. Bxc4 Kg8 32. Re8 Rd7 33. Bxa6 Rd1+ 34. Kh2 Rd2 35. Re2 Rd6 36. Bc4 g5 37. a4 Rxh6+ 38. Kg1 Rd6 39. a5 Ng6 40. a6 Rd1+ 41. Kh2 Ra1 42. b4 g4 43. Ra2 1-0

[Event "7th Leer Open-A 2024"]
[Site "Leer"]
[Date "2024.10.31"]
[Round "1.34"]
[White "Leppert, Stefan"]
[Black "Pahl, Theis"]
[Result "0-1"]
[ECO "E13"]
[WhiteElo "1904"]
[BlackElo "2101"]
[Annotator "RC"]
[PlyCount "58"]
[EventDate "2024.10.14"]
[EventType "swiss"]
[EventCountry "GER"]
[SourceTitle "playchess.com"]
[Source "ChessBase"]
[SourceQuality "1"]
[TimeControl "40/5400+30:900+30"]

1. d4 Nf6 2. c4 e6 3. Nc3 Bb4 4. Qc2 O-O 5. Nf3 b6 6. Bg5 h6 7. Bh4 Bb7 8. e3 g5 9. Bg3 Ne4 10. Bd3 f5 11. a3 Bxc3+ 12. bxc3 d6 13. O-O Nd7 14. Nd2 Nxd2 15. Qxd2 Qf6 16. f4 Rae8 17. Rae1 Qg6 18. Qb2 Nf6 19. c5 Be4 20. Be2 gxf4 21. Rxf4 bxc5 22. dxc5 Qg5 23. Bd1 e5 24. Rh4 Rb8 25. Qa2+ d5 26. Qf2 Rbe8 27. Qd2 h5 28. c4 d4 29. Qf2 dxe3 0-1

[Event "7th Leer Open-A 2024"]
[Site "Leer"]
[Date "2024.10.31"]
[Round "1.35"]
[White "Hulshof, Peter"]
[Black "Wiethuechter, Samuel"]
[Result "1-0"]
[ECO "B25"]
[WhiteElo "2120"]
[BlackElo "1883"]
[Annotator "RC"]
[PlyCount "53"]
[EventDate "2024.10.14"]
[EventType "swiss"]
[EventCountry "GER"]
[SourceTitle "playchess.com"]
[Source "ChessBase"]
[SourceQuality "1"]
[TimeControl "40/5400+30:900+30"]

1. e4 c5 2. Nc3 Nc6 3. g3 g6 4. Bg2 Bg7 5. d3 d6 6. f4 Nf6 7. Nf3 Bg4 8. h3 Bxf3 9. Qxf3 Nd4 10. Qf2 Nd7 11. O-O O-O 12. Nb1 Nc6 13. c3 Rc8 14. Be3 e5 15. f5 Bf6 16. Nd2 b5 17. Nf3 gxf5 18. exf5 d5 19. g4 Be7 20. Nd2 Nb6 21. f6 Bd6 22. Qh4 Kh8 23. Rf5 Nd7 24. Raf1 Rg8 25. Qxh7+ Kxh7 26. Rh5+ Kg6 27. Rh6# 1-0

[Event "7th Leer Open-A 2024"]
[Site "Leer"]
[Date "2024.10.31"]
[Round "1.36"]
[White "Schreiber, Ralf"]
[Black "Skembris, Simon Max"]
[Result "0-1"]
[ECO "A25"]
[WhiteElo "1884"]
[BlackElo "2119"]
[Annotator "RC"]
[PlyCount "42"]
[EventDate "2024.10.14"]
[EventType "swiss"]
[EventCountry "GER"]
[SourceTitle "playchess.com"]
[Source "ChessBase"]
[SourceQuality "1"]
[TimeControl "40/5400+30:900+30"]

1. c4 e5 2. Nc3 Nf6 3. e4 Nc6 4. g3 Bc5 5. Bg2 d6 6. Nge2 Nb4 7. d3 Ng4 8. O-O Qf6 9. d4 exd4 10. Nd5 Nxd5 11. exd5 O-O 12. h3 Nxf2 13. Rxf2 d3 14. Nf4 Bxf2+ 15. Kxf2 g5 16. Qxd3 gxf4 17. gxf4 Bf5 18. Qb3 Rfe8 19. Bd2 Qd4+ 20. Be3 Rxe3 21. Qxe3 Qxb2+ 0-1

[Event "7th Leer Open-A 2024"]
[Site "Leer"]
[Date "2024.10.31"]
[Round "1.38"]
[White "Hielscher, Fabian"]
[Black "Sommer, Justus"]
[Result "0-1"]
[ECO "D61"]
[WhiteElo "1872"]
[BlackElo "2114"]
[Annotator "RC"]
[PlyCount "120"]
[EventDate "2024.10.14"]
[EventType "swiss"]
[EventCountry "GER"]
[SourceTitle "playchess.com"]
[Source "ChessBase"]
[SourceQuality "1"]
[TimeControl "40/5400+30:900+30"]

1. d4 d5 2. c4 e6 3. Nf3 Nf6 4. Bg5 Be7 5. Nc3 O-O 6. e3 Nbd7 7. a3 c6 8. Qc2 b6 9. cxd5 exd5 10. Be2 Bb7 11. O-O Ne4 12. Bf4 f5 13. Ne5 Nxe5 14. Bxe5 Bd6 15. Bxd6 Qxd6 16. b4 Kh8 17. Bd3 Rae8 18. Ne2 Qe7 19. Rac1 Rf6 20. Bxe4 fxe4 21. Nc3 Ref8 22. Qe2 Qd6 23. f4 exf3 24. Rxf3 Rxf3 25. gxf3 c5 26. bxc5 bxc5 27. Nb5 Qg6+ 28. Kh1 a6 29. Nc3 cxd4 30. exd4 Qf6 31. Rf1 h6 32. Qe3 a5 33. Rf2 Qd6 34. Na4 Bc6 35. Nc5 Re8 36. Qc3 Qf6 37. Qd2 Re7 38. Qc3 Bb5 39. a4 Be2 40. Kg2 Qg5+ 41. Kh1 Re3 42. Ne6 Rxc3 43. Nxg5 Bd1 44. Nf7+ Kg8 45. Ne5 Bxa4 46. Ra2 Rc1+ 47. Kg2 Rc2+ 48. Rxc2 Bxc2 49. Nc6 a4 50. Ne7+ Kf7 51. Nxd5 a3 52. Nb4 Bb3 53. f4 a2 54. Nxa2 Bxa2 55. Kf3 Ke6 56. Kg4 Bb1 57. h4 Bf5+ 58. Kh5 Kf6 59. d5 Be4 60. d6 Bf3# 0-1

[Event "7th Leer Open-A 2024"]
[Site "Leer"]
[Date "2024.10.31"]
[Round "1.39"]
[White "Issing, Peter"]
[Black "Wecke, Thoralf"]
[Result "1-0"]
[ECO "A41"]
[WhiteElo "2112"]
[BlackElo "1867"]
[Annotator "RC"]
[PlyCount "125"]
[EventDate "2024.10.14"]
[EventType "swiss"]
[EventCountry "GER"]
[SourceTitle "playchess.com"]
[Source "ChessBase"]
[SourceQuality "1"]
[TimeControl "40/5400+30:900+30"]

1. d4 d6 2. Nf3 Bg4 3. Nbd2 Nd7 4. h3 Bh5 5. g4 Bg6 6. Nh4 e5 7. Nxg6 hxg6 8. dxe5 dxe5 9. Bg2 c6 10. Ne4 Ngf6 11. Nd6+ Bxd6 12. Qxd6 Rc8 13. Bg5 Qe7 14. O-O-O Qxd6 15. Rxd6 Ke7 16. Rd3 Rhe8 17. Rhd1 Rcd8 18. f4 exf4 19. Bxf4 Nb6 20. Bd6+ Rxd6 21. Rxd6 Nfd5 22. Bxd5 cxd5 23. Rxb6 axb6 24. Rxd5 Rc8 25. Rb5 Rc6 26. Kd2 Rd6+ 27. Ke1 Kd7 28. Rb3 g5 29. Rf3 f6 30. Kf2 Rd5 31. Rd3 Ke6 32. e4 Rc5 33. c3 Ra5 34. a3 Re5 35. Kf3 Rc5 36. Rd8 Ke7 37. Rg8 Kf7 38. Rb8 Rc7 39. Ke3 Rd7 40. Rc8 Ke6 41. Rc4 Rd1 42. Rb4 Rd6 43. Rd4 Rc6 44. Rd8 Ke7 45. Rd5 Ke6 46. Kd3 g6 47. Rd8 Rc7 48. Rh8 Ke5 49. Ke3 Rd7 50. Re8+ Kd6 51. Rg8 Ke5 52. Re8+ Kd6 53. e5+ fxe5 54. Rg8 Rh7 55. Rxg6+ Kc7 56. Rxg5 Rxh3+ 57. Ke4 Rh2 58. Kxe5 Rxb2 59. Rg7+ Kc6 60. g5 Rb3 61. Rg8 Kd7 62. g6 Rxc3 63. Rb8 1-0

[Event "7th Leer Open-A 2024"]
[Site "Leer"]
[Date "2024.10.31"]
[Round "1.40"]
[White "Aden, Dagmar"]
[Black "Schier, Richard"]
[Result "1/2-1/2"]
[ECO "C56"]
[WhiteElo "1865"]
[BlackElo "1881"]
[Annotator "NA RC"]
[PlyCount "106"]
[EventDate "2024.10.14"]
[EventType "swiss"]
[EventCountry "GER"]
[SourceTitle "playchess.com"]
[Source "ChessBase"]
[SourceQuality "1"]
[TimeControl "40/5400+30:900+30"]

1. e4 e5 2. Bc4 Nf6 3. d4 exd4 4. Nf3 Nc6 5. O-O Bc5 6. Bg5 h6 {[%emt 0:04:43] C56: Two Knights: 4 d4 exd4 5 0-0 Nxe4.} 7. Bxf6 Qxf6 8. e5 Qe7 9. Nbd2 O-O 10. Re1 a6 11. a3 b5 12. Bd5 Bb6 13. Nb3 Rb8 14. Be4 Kh8 (14... Nxe5 $2 {is the wrong capture.} 15. Nxe5 Qd6 (15... Qxe5 $2 {too greedy.} 16. Bh7+ Kxh7 17. Rxe5 $18) 16. Qh5 $18) 15. Nbxd4 Nxe5 16. Nf5 (16. c3 $17) 16... Nxf3+ 17. Qxf3 Qf6 18. c3 {[%emt 0:07:15] [#]} d5 $1 19. Bc2 Bb7 20. Qd3 g6 21. Ne3 h5 22. Rad1 Rbd8 23. Qe2 d4 24. cxd4 Bxd4 25. b3 Rfe8 26. Qf1 c5 27. a4 Bc6 28. axb5 axb5 29. Bd3 Rb8 30. Nc2 Be5 31. Re3 b4 32. Bc4 Bf4 33. Rxe8+ Rxe8 34. Bb5 Kg7 35. Bxc6 Qxc6 36. Qc4 Re4 37. Qd3 c4 38. bxc4 Rxc4 39. Ne3 Bxe3 40. Qxe3 Qc5 41. Qxc5 Rxc5 42. Kf1 Kf6 43. Rd6+ Ke5 44. Rb6 Rc4 45. Ke2 Rc2+ 46. Ke3 Rb2 47. g3 Rb3+ 48. Kd2 Kd4 49. Rf6 Rb2+ 50. Kc1 Re2 51. Rxf7 Kc3 ({Zwart zou moeten spelen} 51... g5 $17 52. h3 h4) 52. Rf3+ Kc4 53. Kb1 {[%emt 0:01:44] [#]} Re1+ $15 (53... g5 $1 $17 54. Kc1 g4) 1/2-1/2

[Event "7th Leer Open-A 2024"]
[Site "Leer"]
[Date "2024.10.31"]
[Round "1.41"]
[White "zur Bruegge, Carsten"]
[Black "Arnz, Tom Niklas"]
[Result "1/2-1/2"]
[ECO "C10"]
[WhiteElo "2107"]
[BlackElo "1865"]
[Annotator "RC"]
[PlyCount "99"]
[EventDate "2024.10.14"]
[EventType "swiss"]
[EventCountry "GER"]
[SourceTitle "playchess.com"]
[Source "ChessBase"]
[SourceQuality "1"]
[TimeControl "40/5400+30:900+30"]

1. e4 e6 2. d4 d5 3. Nc3 Nf6 4. Bg5 dxe4 5. Nxe4 Nbd7 6. Nf3 h6 7. Nxf6+ Nxf6 8. Bh4 Bd7 9. Ne5 Bd6 10. Nxd7 Qxd7 11. Qf3 Nd5 12. Bc4 g5 13. Bg3 O-O-O 14. O-O-O Nf4 15. h4 Qa4 16. Bb3 Qb5 17. Bxf4 Bxf4+ 18. Kb1 Rd7 19. g3 Bd6 20. c4 Qf5+ 21. Qxf5 exf5 22. Bc2 Rdd8 23. Bxf5+ Kb8 24. hxg5 hxg5 25. Rxh8 Rxh8 26. Re1 c5 27. b4 cxd4 28. c5 Bc7 29. Re7 f6 30. Kc2 b6 31. Kd3 bxc5 32. bxc5 Rd8 33. Kc4 a5 34. Be4 Kc8 35. Kb5 d3 36. Kc6 Be5 37. Ra7 Kb8 38. Kb6 Rd6+ 39. cxd6 Bd4+ 40. Kc6 Kxa7 41. Bxd3 Bxf2 42. Kd7 Bxg3 43. Ke7 Kb6 44. d7 Bc7 45. d8=Q Bxd8+ 46. Kxd8 g4 47. Kd7 g3 48. Bf1 Kc5 49. Ke6 Kb4 50. Kf5 1/2-1/2

[Event "7th Leer Open-A 2024"]
[Site "Leer"]
[Date "2024.10.31"]
[Round "1.42"]
[White "Dorr, Joerg"]
[Black "Boesel, Alexander"]
[Result "0-1"]
[ECO "D35"]
[WhiteElo "1865"]
[BlackElo "2045"]
[Annotator "RC"]
[PlyCount "60"]
[EventDate "2024.10.14"]
[EventType "swiss"]
[EventCountry "GER"]
[SourceTitle "playchess.com"]
[Source "ChessBase"]
[SourceQuality "1"]
[TimeControl "40/5400+30:900+30"]

1. d4 d5 2. c4 e6 3. Nc3 Nf6 4. cxd5 exd5 5. Bg5 c6 6. e3 h6 7. Bh4 Be7 8. Bd3 O-O 9. Nge2 Nbd7 10. f3 b5 11. O-O a5 12. e4 b4 13. e5 bxc3 14. exf6 Bxf6 15. Bxf6 Qxf6 16. Nxc3 Qxd4+ 17. Kh1 Kh8 18. Re1 Nc5 19. Bc2 Qb4 20. Rc1 Ba6 21. Bb1 Rad8 22. Qc2 f5 23. Rcd1 d4 24. a3 Qb6 25. Na4 Nxa4 26. Qxa4 Qxb2 27. Qxc6 Be2 28. Rc1 d3 29. Qg6 d2 30. Bxf5 Rxf5 0-1

[Event "7th Leer Open-A 2024"]
[Site "Leer"]
[Date "2024.10.31"]
[Round "1.44"]
[White "Engelmann, Chris"]
[Black "Sickmann, Lisa"]
[Result "0-1"]
[ECO "B45"]
[WhiteElo "1861"]
[BlackElo "1965"]
[Annotator "RC"]
[PlyCount "80"]
[EventDate "2024.10.14"]
[EventType "swiss"]
[EventCountry "GER"]
[SourceTitle "playchess.com"]
[Source "ChessBase"]
[SourceQuality "1"]
[TimeControl "40/5400+30:900+30"]

1. e4 c5 2. Nf3 e6 3. d4 cxd4 4. Nxd4 Nf6 5. Nc3 Nc6 6. Bg5 Qb6 7. Nb3 Bb4 8. Be3 Qc7 9. f3 d5 10. exd5 Nxd5 11. Bd2 Nxc3 12. bxc3 Qe5+ 13. Qe2 Bxc3 14. Qxe5 Bxd2+ 15. Nxd2 Nxe5 16. Ne4 Ke7 17. Bb5 Bd7 18. Rb1 b6 19. Ba6 Bc6 20. Nc3 Rhd8 21. Ke2 Nd7 22. Rb4 Nc5 23. Bb5 Rac8 24. Rd1 Nd7 25. Rd2 Ne5 26. Ra4 a5 27. Bxc6 Rxd2+ 28. Kxd2 Rxc6 29. Ne2 Nc4+ 30. Kc1 b5 31. Nd4 bxa4 32. Nxc6+ Kd6 33. Nd4 f5 34. g3 g6 35. f4 e5 36. Ne2 e4 37. c3 Kd5 38. Kc2 Ne3+ 39. Kb2 Kc4 40. Kc1 Kd3 0-1

[Event "7th Leer Open-A 2024"]
[Site "Leer"]
[Date "2024.10.31"]
[Round "1.45"]
[White "Giel, Olaf"]
[Black "Guetschow, Christian"]
[Result "1-0"]
[ECO "A81"]
[WhiteElo "2076"]
[BlackElo "1861"]
[Annotator "RC"]
[PlyCount "73"]
[EventDate "2024.10.14"]
[EventType "swiss"]
[EventCountry "GER"]
[SourceTitle "playchess.com"]
[Source "ChessBase"]
[SourceQuality "1"]
[TimeControl "40/5400+30:900+30"]

1. d4 e6 2. Nf3 f5 3. Bf4 Nf6 4. g3 d5 5. Bg2 Bd6 6. Ne5 O-O 7. O-O Nc6 8. c3 Bd7 9. Nd2 Nh5 10. Nxd7 Qxd7 11. Bxd6 Qxd6 12. e4 g6 13. exd5 exd5 14. Qb3 Nf6 15. Rae1 b6 16. Nc4 Na5 17. Nxd6 Nxb3 18. axb3 cxd6 19. Re7 Rfe8 20. Rfe1 Rxe7 21. Rxe7 Re8 22. Bxd5+ Kh8 23. Rxe8+ Nxe8 24. f3 Kg7 25. Kf2 Kf6 26. Ke3 Nc7 27. Bc4 h6 28. b4 a6 29. Be2 Nd5+ 30. Kd2 a5 31. Bc4 Nc7 32. bxa5 bxa5 33. b4 d5 34. Bd3 axb4 35. cxb4 h5 36. Kc3 g5 37. b5 1-0

[Event "7th Leer Open-A 2024"]
[Site "Leer"]
[Date "2024.10.31"]
[Round "1.46"]
[White "Wolf, Vincent"]
[Black "Thiercelin, Jerome"]
[Result "0-1"]
[ECO "B00"]
[WhiteElo "1754"]
[BlackElo "2084"]
[Annotator "RC"]
[PlyCount "75"]
[EventDate "2024.10.14"]
[EventType "swiss"]
[EventCountry "GER"]
[SourceTitle "playchess.com"]
[Source "ChessBase"]
[SourceQuality "1"]
[TimeControl "40/5400+30:900+30"]

1. e4 e6 2. d4 b6 3. Bd3 Bb7 4. Ne2 c5 5. c3 Be7 6. O-O Nf6 7. Ng3 d6 8. f4 Nc6 9. Be3 O-O 10. Nd2 cxd4 11. cxd4 Nb4 12. Be2 Rc8 13. Bf2 d5 14. a3 Nc6 15. e5 Ne4 16. Be3 Na5 17. Bf3 Nxd2 18. Bxd2 Nc4 19. Bc1 b5 20. Qd3 Qb6 21. b3 Na5 22. b4 Nc6 23. Be3 a5 24. bxa5 Nxa5 25. Rfb1 Nc4 26. Bf2 Ra8 27. Rb3 Ra4 28. Be1 Rfa8 29. Rab1 Rxa3 30. Ne2 Bc6 31. Qc2 Rxb3 32. Qxb3 Ra3 33. Qc2 b4 34. Bc3 Ba4 35. Qc1 Rxc3 36. Qxc3 bxc3 37. Rxb6 Nxb6 38. Nxc3 0-1

[Event "7th Leer Open-A 2024"]
[Site "Leer"]
[Date "2024.10.31"]
[Round "1.47"]
[White "Mix, Clemens"]
[Black "Vollmer, Andreas"]
[Result "1-0"]
[ECO "D38"]
[WhiteElo "2076"]
[BlackElo "1857"]
[Annotator "RC"]
[PlyCount "59"]
[EventDate "2024.10.14"]
[EventType "swiss"]
[EventCountry "GER"]
[SourceTitle "playchess.com"]
[Source "ChessBase"]
[SourceQuality "1"]
[TimeControl "40/5400+30:900+30"]

1. d4 Nf6 2. c4 e6 3. Nf3 d5 4. Nc3 Bb4 5. cxd5 Nxd5 6. Qb3 O-O 7. e4 Bxc3+ 8. bxc3 Nb6 9. Bd3 h6 10. O-O N6d7 11. Re1 b6 12. Bf4 Bb7 13. Rad1 Qc8 14. c4 Re8 15. Bc2 Nf8 16. e5 Nbd7 17. Qe3 Bxf3 18. Qxf3 Ng6 19. Bc1 Qa6 20. Be4 Rad8 21. h4 Nxh4 22. Qh5 Nf5 23. g4 Ne7 24. g5 Nf5 25. Bxf5 exf5 26. gxh6 g6 27. h7+ Kh8 28. Qh6 Qxc4 29. Bg5 Qd5 30. Bf6+ 1-0

[Event "7th Leer Open-A 2024"]
[Site "Leer"]
[Date "2024.10.31"]
[Round "1.49"]
[White "Jakob, Matthias"]
[Black "Weirauch, Kevin"]
[Result "0-1"]
[ECO "A45"]
[WhiteElo "2070"]
[BlackElo "1850"]
[Annotator "RC"]
[PlyCount "70"]
[EventDate "2024.10.14"]
[EventType "swiss"]
[EventCountry "GER"]
[SourceTitle "playchess.com"]
[Source "ChessBase"]
[SourceQuality "1"]
[TimeControl "40/5400+30:900+30"]

1. d4 Nf6 2. Nc3 d6 3. Bf4 g6 4. e3 Bg7 5. h4 h5 6. Qd2 Nbd7 7. O-O-O a5 8. Nf3 c6 9. e4 Ng4 10. Ng5 Nb6 11. f3 Nf6 12. Qe1 O-O 13. Be2 Qc7 14. g4 e5 15. dxe5 dxe5 16. Be3 Bh6 17. Qg1 Nbd7 18. Kb1 Bg7 19. Qg3 b5 20. f4 Nxg4 21. Bxg4 hxg4 22. f5 Nf6 23. Bc5 Re8 24. fxg6 fxg6 25. Nxb5 cxb5 26. Qb3+ Kh8 27. h5 gxh5 28. Rxh5+ Nxh5 29. Rh1 Ra6 30. Rxh5+ Rh6 31. Nf7+ Kh7 32. Nxh6 Bxh6 33. Be3 Re6 34. Qxb5 Qf7 35. Rh1 Qf3 0-1

[Event "7th Leer Open-A 2024"]
[Site "Leer"]
[Date "2024.10.31"]
[Round "1.50"]
[White "Braun, Julian"]
[Black "Wiege, Andre"]
[Result "0-1"]
[ECO "C41"]
[WhiteElo "1851"]
[BlackElo "2031"]
[Annotator "RC"]
[PlyCount "94"]
[EventDate "2024.10.14"]
[EventType "swiss"]
[EventCountry "GER"]
[SourceTitle "playchess.com"]
[Source "ChessBase"]
[SourceQuality "1"]
[TimeControl "40/5400+30:900+30"]

1. e4 d6 2. d4 Nf6 3. Nc3 Nbd7 4. Nf3 e5 5. dxe5 dxe5 6. Bc4 Bc5 7. Bg5 c6 8. O-O b5 9. Bb3 Qc7 10. Re1 O-O 11. a4 b4 12. Na2 a5 13. c3 Be7 14. cxb4 axb4 15. Rc1 Bb7 16. Nh4 g6 17. Qf3 c5 18. Bh6 Rfe8 19. Nxb4 Qb6 20. Nc2 c4 21. Bxc4 Rxa4 22. b3 Rxc4 23. bxc4 Nxe4 24. Rb1 Qa6 25. Rxb7 Qxb7 26. Qxe4 Qxe4 27. Rxe4 f5 28. Nxf5 gxf5 29. Re1 Kf7 30. Bd2 Rc8 31. Ne3 Ke6 32. g3 e4 33. f3 Ne5 34. Kf2 Nd3+ 35. Ke2 Nxe1 36. Bxe1 Bc5 37. fxe4 fxe4 38. Nd5 Bd4 39. Nf4+ Ke5 40. Bb4 Rxc4 41. Bf8 Kf5 42. h3 Rc2+ 43. Kf1 e3 44. Ne2 Ke4 45. Bd6 Kd3 46. Nf4+ Kd2 47. Bb4+ Kd1 0-1